[Event "Early-Titled-Tuesday-Blitz-January-16-2024"]
[Site "Chess.com"]
[Date "2024.01.16"]
[Round "4"]
[White "masterofpuppets2"]
[Black "AlexTruskavetsky"]
[Result "0-1"]
[WhiteElo "2530"]
[BlackElo "2693"]
[TimeControl "180+1"]
[EndTime "8:41:55 PST"]
[Termination "AlexTruskavetsky won on time"]

1. d4 Nf6 2. c4 c5 3. d5 b5 4.
cxb5 a6 5. bxa6 g6 6. Nc3 Bxa6 7.
e4 Bxf1 8. Kxf1 d6 9. h3 Bg7 10.
Nge2 O-O 11. Kg1 Nbd7 12. Kh2 Qb6 13. Qc2 Rfb8 14. Rb1 Ne5 15. b3 c4 16. Be3 cxb3 17.
Rxb3 Qa6 18. Rhb1 Rc8 19. Rb6 Qa3 20. R1b3 Qa5 21. R6b5 Qa6 22. Rb6 Qa5 23. R6b5 Qa6 24. Nd4 Nc4 25. Nc6 Nxe3 26. fxe3 Rc7 27. Rb8+ Rxb8 28.
Rxb8+ Bf8 29. Qa4 Qd3 30. Qd4 Qf1 31. e5 dxe5 32. Qxe5 Rd7 33. Ne4 Qf5 34. Qxf5 gxf5 35. Nxf6+ exf6 36. a4 Kg7 37. Rb5 Rc7 38. a5 Rc8 39. a6 Re8 40. a7 Bd6+ 41. Kg1 f4 42.
exf4 Bxf4 43. Rb8 Re2 44. a8=Q Bg3 45. Qa1 Bf2+ 46. Kf1 Rc2 47. Qb1 Rd2 48. Ne7 Bc5 49.
Nf5+ Kg6 0-1

[Event "Early-Titled-Tuesday-Blitz-January-16-2024"]
[Site "Chess.com"]
[Date "2024.01.16"]
[Round "4"]
[White "cthulhuuu"]
[Black "GrotBchess"]
[Result "0-1"]
[WhiteElo "2407"]
[BlackElo "2294"]
[TimeControl "180+1"]
[EndTime "8:41:56 PST"]
[Termination "GrotBchess won on time"]

1. e4 c5 2. Nf3 e6 3. d3 d6 4. g3 Nc6 5. Bg2 g6 6. O-O Bg7 7. c3 Nge7 8. d4 cxd4 9. cxd4 d5 10. e5 a6 11. Nc3 Bd7 12. Na4 b6 13. Bf4 Na5 14.
Re1 h6 15. h4 Nf5 16. Bf1 Bb5 17. Bxb5+ axb5 18. Nc3 Qd7 19. b3 O-O 20. Qd3 b4 21. Nb5 Rfc8 22. Rec1 Nb7 23. Bd2 Rxc1+ 24. Rxc1 Rc8 25.
Rxc8+ Qxc8 26. g4 Ne7 27. Bxb4 Qc1+ 28. Qf1 Qf4 29. Qg2 Qc1+ 30. Kh2 Nc6 31. Bd2 Qc2 32. Nc3 Qd3 33. Qg3 Nxd4 34. Nxd4 Qxd4 35. Bf4 Nc5 36. Ne2 Qb2 37. Qe3 Ne4 38. Kg2 Bxe5 39. Bxe5 Qxe5 40.
f3 Qb2 41. fxe4 d4 42. Qd3 Qxa2 43. Kf3 e5 44. Qd2 Qxd2 0-1

[Event "Early-Titled-Tuesday-Blitz-January-16-2024"]
[Site "Chess.com"]
[Date "2024.01.16"]
[Round "4"]
[White "ZuraTqebuchava"]
[Black "wild3000"]
[Result "0-1"]
[WhiteElo "2157"]
[BlackElo "2391"]
[TimeControl "180+1"]
[EndTime "8:41:56 PST"]
[Termination "wild3000 won on time"]

1. e4 a5 2. a3 e6 3. d3 d5 4.
Nd2 Nf6 5. Ngf3 Nc6 6. Be2 Be7 7.
O-O O-O 8. h3 a4 9. c3 b6 10. e5 Nd7 11. d4 Bb7 12. Re1 Na5 13. Bd3 c5 14. Qxa4 Nc4 15. Qc2 h6 16. Nxc4 dxc4 17.
Be4 Qc7 18. Bxb7 Qxb7 19. Qe4 Qc7 20. Qg4 Kh7 21. dxc5 Bxc5 22. Be3 Bxe3 23. Rxe3 Rad8 24. Re4 b5 25. Rae1 f5 26. exf6 Nxf6 27. Qxe6 Nxe4 28. Qxe4+ Kg8 29. Qg6 Qf7 30. Qxf7+ Rxf7 31. Nd4 Rd5 32. Re8+ Kh7 33. Rb8 Re5 34. Kf1 Rfe7 35. f3 Re1+ 36.
Kf2 Rd1 37. Rxb5 Rd2+ 38. Kg3 Rd7 39. Rb4 Rd6 40. a4 Rg6+ 41. Kf4 Rf6+ 42. Ke3 Rxg2 43. f4 Rg3+ 44. Ke4 Rxh3 45. a5 Ra6 46. Ra4 Rh5 47. f5 g5 48. Kd5 g4 49. Kxc4 g3 50. Kb5 Ra8 51. Ra1 g2 52. Rg1 Rg5 53. b4 h5 54. a6 h4 55. Ka5 h3 56. Nf3 Rxf5+ 57. b5 Rxf3 58. b6 Rf1 59. b7 Raf8 60. a7 Rxg1 61. b8=Q Ra1+ 62. Kb6 Rb1+ 63. Kc6 Rbxb8 0-1

[Event "Early-Titled-Tuesday-Blitz-January-16-2024"]
[Site "Chess.com"]
[Date "2024.01.16"]
[Round "4"]
[White "Zheenbekov86"]
[Black "SashaKuzhilniy"]
[Result "1-0"]
[WhiteElo "2484"]
[BlackElo "2655"]
[TimeControl "180+1"]
[EndTime "8:41:57 PST"]
[Termination "Zheenbekov86 won on time"]

1. d4 e6 2. Nf3 c5 3. e3 Nf6 4. c4 d5 5. Nc3 a6 6. cxd5 cxd4 7.
Qxd4 exd5 8. Be2 Nc6 9. Qd1 Be7 10. O-O O-O 11. b3 Be6 12. Bb2 Rc8 13. Rc1 Qa5 14. a3 Rfd8 15. b4 Qc7 16. Na4 Ne4 17. Nd4 Bd6 18. h3 Qe7 19. Nxe6 fxe6 20. Bg4 Ne5 21. Qe2 Nc4 22. Rfd1 b5 23. Nc5 Nxc5 24. bxc5 Bxc5 25.
Bd4 Bxa3 26. Ra1 a5 27. e4 Rc6 28. exd5 Rxd5 29. Bf3 Rcd6 30. Bxd5 Rxd5 31. Bc3 a4 32. Re1 Bc5 33. Rad1 Rxd1 34. Rxd1 h6 35. Re1 a3 36.
Qg4 e5 37. Re4 a2 38. Re1 Qf7 39. Qc8+ Qf8 40. Qe6+ 1-0

[Event "Early-Titled-Tuesday-Blitz-January-16-2024"]
[Site "Chess.com"]
[Date "2024.01.16"]
[Round "4"]
[White "Nikita_Klepikov"]
[Black "FM_VS99"]
[Result "1-0"]
[WhiteElo "2347"]
[BlackElo "2504"]
[TimeControl "180+1"]
[EndTime "8:41:58 PST"]
[Termination "Nikita_Klepikov won on time"]

1. e4 c5 2. Nf3 g6 3. d4 cxd4 4.
Nxd4 Bg7 5. Nc3 Nc6 6. Be3 Nf6 7.
Bc4 O-O 8. Bb3 d6 9. f3 Bd7 10. Qd2 Nxd4 11. Bxd4 b5 12. g4 a5 13. a4 bxa4 14. Nxa4 Rb8 15. h4 Rb4 16. Bc3 Nxe4 17. fxe4 Rxe4+ 18. Kd1 Bxg4+ 19. Kc1 h5 20. Bd5 Bxc3 21.
Nxc3 Re5 22. Ra4 e6 23. Bb3 Kh7 24. Ne4 Bf3 25. Re1 Qxh4 26. Nf2 Rxe1+ 27. Qxe1 Qg5+ 28. Kb1 Ra8 29. c3 Bc6 30. Rd4 a4 31. Bc2 a3 32.
b4 a2+ 33. Ka1 Qg3 34. Rc4 Bd5 35. Rc7 Kg8 36. Qd2 Qg1+ 37. Nd1 h4 38. b5 h3 39. Qf4 h2 40. Qxf7+ 1-0

[Event "Early-Titled-Tuesday-Blitz-January-16-2024"]
[Site "Chess.com"]
[Date "2024.01.16"]
[Round "4"]
[White "Alex_Terzi"]
[Black "Millerkallpa"]
[Result "0-1"]
[WhiteElo "2423"]
[BlackElo "2128"]
[TimeControl "180+1"]
[EndTime "8:41:59 PST"]
[Termination "Millerkallpa won by checkmate"]

1. e4 e5 2. Nf3 Nc6 3. d4 exd4 4. Nxd4 Bc5 5. Nb3 Bb6 6. Nc3 Nf6 7. Qe2 d6 8. Be3 Qe7 9. O-O-O Be6 10. f3 O-O-O 11.
Bxb6 axb6 12. Qf2 Rhe8 13. Bb5 d5 14. exd5 Nxd5 15. Nxd5 Rxd5 16. Bxc6 bxc6 17. Nd4 Bd7 18. Rhe1 Qd6 19. Rxe8+ Bxe8 20. Qe3 Bd7 21. h3 c5 22. Qe4 cxd4 23. c4 Ra5 24. Rxd4 Qh6+ 25. f4 Qe6 26. Qf3 Bc6 27. Qd1 Rxa2 28. Rd8+ Kb7 29. Qb3 Qe1+ 30.
Rd1 Ra1+ 31. Kc2 Qxd1+ 32. Kc3 Rc1+ 33. Kb4 Qxb3+ 34. Kxb3 Rg1 35. Kb4 Rxg2 36. b3 Rg3 37. c5 Rxh3 38. cxb6 Kxb6 39. Kc4 Rf3 40. Kd4 Rxf4+ 41.
Ke3 Rb4 42. Kd3 Rxb3+ 43. Kc2 Rh3 44. Kd2 h5 45. Ke2 h4 46. Kf2 g5 47. Kg1 g4 48.
Kf2 g3+ 49. Kg1 Rh1# 0-1

[Event "Early-Titled-Tuesday-Blitz-January-16-2024"]
[Site "Chess.com"]
[Date "2024.01.16"]
[Round "4"]
[White "ChessBliss09"]
[Black "RCone"]
[Result "0-1"]
[WhiteElo "2085"]
[BlackElo "2443"]
[TimeControl "180+1"]
[EndTime "8:42:00 PST"]
[Termination "RCone won by checkmate"]

1. e4 d6 2. d4 Nf6 3. Nc3 g6 4. Be3 c6 5. Qd2 b5 6. a3 Bg7 7. Bd3 Ng4 8. f3 Nxe3 9. Qxe3 O-O 10. Nge2 Nd7 11. O-O Qb6 12. Kh1 e5 13. Qd2 exd4 14.
Nd1 Ne5 15. Nf2 c5 16. f4 Nc4 17. Bxc4 bxc4 18. Rab1 f5 19. b3 c3 20. Qd3 Ba6 21. Qf3 Rae8 22. Rfe1 Bb7 23. Ng3 Qc6 24. Re2 fxe4 25. Nfxe4 Qc7 26. Rbe1 Bc6 27. Qf2 Kh8 28. a4 a5 29. Ng5 Rxe2 30. Rxe2 Bd5 31. Ne6 Bxe6 32.
Rxe6 Qf7 33. Rxd6 Qxf4 34. Qxf4 Rxf4 35. Kg1 h6 36. Rd8+ Kh7 37. Rd5 Bf8 38. Rd7+ Kh8 39. Ra7 c4 40. bxc4 Bb4 41. Ra8+ Kg7 42. Ra7+ Kf6 43.
Ra6+ Kf7 44. Ra7+ Ke8 45. Ra8+ Kd7 46. Ra7+ Kc8 47. Ra8+ Kb7 48. Rd8 Bc5 49. Ne2 d3+ 50. Kh1 dxe2 51. Rd7+ Kc6 52. g3 e1=Q+ 53. Kg2 Qf1# 0-1

[Event "Early-Titled-Tuesday-Blitz-January-16-2024"]
[Site "Chess.com"]
[Date "2024.01.16"]
[Round "4"]
[White "Alexei_Gubajdullin"]
[Black "Nechitaylo_Nikita"]
[Result "1/2-1/2"]
[WhiteElo "2629"]
[BlackElo "2326"]
[TimeControl "180+1"]
[EndTime "8:42:01 PST"]
[Termination "Game drawn - insufficient material"]

1. d4 Nf6 2. Nf3 e6 3. Bf4 d5 4. Nbd2 Bd6 5. Bg3 O-O 6. e3 c5 7.
Bd3 Qc7 8. dxc5 Qxc5 9. c4 Nc6 10. cxd5 Qxd5 11. Nc4 Bxg3 12. hxg3 Rd8 13. Be2 b5 14. Qxd5 Rxd5 15. Ncd2 Bb7 16. Rc1 a6 17. e4 Rd7 18. e5 Ng4 19. Rc5 Rd5 20. Rxd5 exd5 21.
e6 fxe6 22. Ng5 Nf6 23. Nxe6 Re8 24. Nc5 Nd4 25. Nxb7 Rxe2+ 26. Kd1 Rxf2 27. Rh4 Ne6 28. a4 Rxg2 29. axb5 axb5 30. Rb4 Nc7 31. Rb3 Ne4 32. Nxe4 dxe4 33. Rc3 Nd5 34. Rc8+ Kf7 35. Nd6+ Ke6 36. Nxe4 Ke5 37. Re8+ Kd4 38. Kc1 Rg1+ 39. Kc2 Rg2+ 40.
Kb3 Re2 41. Rg8 Rxe4 42. Rxg7 h5 43. Kc2 Rg4 44. Rh7 Rxg3 45. Rxh5 Nb4+ 46. Kc1 Rg1+ 47. Kd2 Rg2+ 48. Kd1 Kd3 49. Rh3+ Kd4 50. Rh5 Rxb2 51.
Rxb5 Kc3 52. Rc5+ Kd3 53. Kc1 Rf2 54. Rc8 Na2+ 55. Kd1 Nc3+ 56. Ke1 Re2+ 57. Kf1 Ke3 58. Re8+ Ne4 59. Rxe4+ Kxe4 60. Kxe2 1/2-1/2

[Event "Early-Titled-Tuesday-Blitz-January-16-2024"]
[Site "Chess.com"]
[Date "2024.01.16"]
[Round "4"]
[White "Yeritsyaan"]
[Black "stasOR4ik"]
[Result "1-0"]
[WhiteElo "2648"]
[BlackElo "2404"]
[TimeControl "180+1"]
[EndTime "8:42:02 PST"]
[Termination "Yeritsyaan won on time"]

1. g3 d5 2. Bg2 Bf5 3. d4 c6 4.
Nf3 Qc8 5. h4 Nf6 6. c3 e6 7.
Bf4 Na6 8. Nbd2 Nc7 9. Nf1 Nb5 10. Ne3 Be4 11. Bh3 a5 12. O-O a4 13. a3 Bd6 14.
Bxd6 Nxd6 15. Ng5 h6 16. Nxe4 Nfxe4 17. Qe1 g5 18. h5 f5 19. g4 f4 20. Nc2 Nc4 21.
Rb1 Ned2 22. Nb4 Nxb1 23. Qxb1 Nd2 24. Qg6+ Ke7 25. Qg7+ Kd6 26. Nd3 Qf8 27. Qxb7 f3 28. Ne5 Qe8 29. exf3 Rf8 30. Re1 Rb8 31. Qa7 Rxb2 32.
Bg2 Rb5 33. Qg7 Rb1 34. Rxb1 Nxb1 35. Qxh6 Nxa3 36. Qg7 Nb5 37. Qb7 Qc8 38. Qb6 a3 39. Qc5+ Kc7 40. Qxc6+ Kd8 41. Qxb5 a2 42. Qa5+ Qc7 43. Qxa2 Qxc3 44. Qa8+ Ke7 45. Ng6+ Kd7 46. Qxf8 Qe1+ 47. Kh2 Qxf2 48. Qf7+ Kd6 49. Qf6 Kd7 50. h6 1-0

[Event "Early-Titled-Tuesday-Blitz-January-16-2024"]
[Site "Chess.com"]
[Date "2024.01.16"]
[Round "4"]
[White "GrumbleBruno"]
[Black "Chiquitita23"]
[Result "1-0"]
[WhiteElo "2464"]
[BlackElo "2181"]
[TimeControl "180+1"]
[EndTime "8:42:02 PST"]
[Termination "GrumbleBruno won on time"]

1. e4 e5 2. Nf3 Nc6 3. Bb5 Nge7 4. O-O Ng6 5. d4 exd4 6. Nxd4 Bc5 7. Nb3 Bb6 8. Nc3 O-O 9. Nd5 Nce7 10. Nxb6 axb6 11. f4 c6 12. Bd3 d5 13. f5 Ne5 14.
f6 gxf6 15. Bh6 Re8 16. Qe1 dxe4 17. Bxe4 N7g6 18. Rd1 Qe7 19. Qg3 Rxa2 20. Nd4 Ng4 21. Rfe1 Qc5 22. Bc1 f5 23. b4 Qxb4 24. c3 Qc5 25.
Bb1 Ree2 26. Rxe2 Rxe2 27. Qf3 N6e5 28. Qxe2 Be6 29. Be3 Bc4 30. Qe1 Nxe3 31. Qxe3 Ng4 32. Qe8+ Kg7 33. Qe1 b5 34. Kh1 Kg6 35. h3 Nf6 36.
Bxf5+ Kg7 37. Qg3+ Kf8 38. Re1 b4 39. Qg5 bxc3 40.
Qh6+ Kg8 41. Qg5+ Kf8 42. Qe3 c2 43. Nxc2 Qxe3 44. Nxe3 Bd5 45. Nxd5 Nxd5 46. Bc8 b5 47. Bb7 Nb4 48. Rc1 c5 49. Rxc5 1-0

[Event "Early-Titled-Tuesday-Blitz-January-16-2024"]
[Site "Chess.com"]
[Date "2024.01.16"]
[Round "4"]
[White "MyDream003"]
[Black "sakkikuska"]
[Result "1-0"]
[WhiteElo "2861"]
[BlackElo "2606"]
[TimeControl "180+1"]
[EndTime "8:42:04 PST"]
[Termination "MyDream003 won by checkmate"]

1. e3 Nf6 2. d4 g6 3. Nf3 Bg7 4.
b3 d6 5. Bb2 O-O 6. Be2 b6 7.
O-O Bb7 8. c4 c5 9. d5 Na6 10.
a3 Nc7 11. Qc2 a6 12. Nbd2 b5 13. e4 e5 14. dxe6 Nxe6 15. cxb5 Nf4 16. Bc4 Qd7 17. bxa6 Qg4 18. Ne1 Bxa6 19. Bxa6 Rxa6 20. f3 Qg5 21. Kh1 Rc6 22. Nc4 d5 23. exd5 N6xd5 24.
Bxg7 Kxg7 25. Rd1 Re8 26. Rd2 h5 27. Nd3 Nxd3 28. Qxd3 Nf4 29. Qc3+ f6 30. g3 Ne6 31. Re1 Rd8 32. Rxd8 Nxd8 33. Re7+ Nf7 34. Qe1 Qd5 35.
Kg2 h4 36. gxh4 Qf5 37. Qe4 Qxe4 38. fxe4 Kf8 39. Rb7 Nd6 40. Nxd6 Rxd6 41. a4 Ra6 42. Kf3 c4 43. bxc4 Rxa4 44. c5 Rc4 45. Rc7 Rc3+ 46.
Kg4 Kg8 47. h5 gxh5+ 48. Kxh5 Rc2 49. Kg6 Rg2+ 50. Kxf6 Rxh2 51. e5 Rf2+ 52. Ke6 Kf8 53. Rc8+ Kg7 54. Ke7 Re2 55. e6 Ra2 56. c6 Ra7+ 57.
c7 Kh7 58. Kd7 Ra6 59. Rd8 Ra7 60. Kd6 Ra6+ 61. Ke5 Ra5+ 62. Kf6 Rb5 63. c8=Q Rb8 64. Rh8# 1-0

[Event "Early-Titled-Tuesday-Blitz-January-16-2024"]
[Site "Chess.com"]
[Date "2024.01.16"]
[Round "4"]
[White "chess_blitz00"]
[Black "mertfelin"]
[Result "1-0"]
[WhiteElo "2479"]
[BlackElo "2226"]
[TimeControl "180+1"]
[EndTime "8:42:05 PST"]
[Termination "chess_blitz00 won by resignation"]

1. a3 d5 2. Nf3 Nf6 3. e3 e6 4. b4 Be7 5. Bb2 O-O 6. c4 b6 7. Nc3 Bb7 8. Qc2 Nbd7 9. g4 Ne4 10. Bd3 Bf6 11. g5 Bxc3 12. Bxc3 Qe7 13. h4 e5 14.
cxd5 Nxc3 15. Bxh7+ Kh8 16. dxc3 Bxd5 17. Be4 Bxe4 18.
Qxe4 c5 19. h5 cxb4 20. axb4 a5 21. bxa5 Nc5 22. Qc2 e4 23. Nd4 Nd3+ 24. Kf1 Qxg5 25. f4 exf3 26. Nxf3 Qxe3 27. Qe2 Rfe8 28. Qxe3 Rxe3 29.
Ng5 f6 30. Rh3 Rxh3 31. Nxh3 bxa5 32. Ke2 Ne5 33. Nf4 a4 34. Ke3 Ra5 35. Kd4 Nc6+ 36.
Kd3 a3 37. c4 Ra4 38. Kc3 Ne5 39. Ng6+ Kg8 40. Nxe5 fxe5 41. Kb3 Ra8 42. Ka2 Kh7 43.
Re1 Re8 44. Kxa3 Kh6 45. Kb4 Kxh5 46. c5 Kg5 47. c6 Kf6 48. Kc5 Ke6 49. Kb6 Kd6 50.
Rd1+ Ke6 51. c7 e4 52. Rd8 1-0

[Event "Early-Titled-Tuesday-Blitz-January-16-2024"]
[Site "Chess.com"]
[Date "2024.01.16"]
[Round "4"]
[White "betta2004"]
[Black "LeoWin2012"]
[Result "1/2-1/2"]
[WhiteElo "2557"]
[BlackElo "2245"]
[TimeControl "180+1"]
[EndTime "8:42:06 PST"]
[Termination "Game drawn by repetition"]

1. d4 Nf6 2. c4 e6 3. Nc3 d5 4. cxd5 exd5 5. Bg5 Be7 6. e3 O-O 7. Bd3 c6 8. Qc2 Re8 9. Nge2 h6 10. Bh4 Be6 11. O-O Nbd7 12. Rae1 a5 13. f3 b5 14. Nb1 Rc8 15. Nd2 Qb6 16. Bf2 c5 17. dxc5 Nxc5 18. Qb1 Nfd7 19. Nd4 Nxd3 20. Qxd3 Ne5 21.
Qe2 Nc4 22. Nb1 Bc5 23. b3 Nd6 24. Rd1 Bd7 25. Qb2 Nf5 26. Nxf5 Bxf5 27. Nc3 Bxe3 28. Nxd5 Bxf2+ 29. Rxf2 Qa7 30. g4 Rc2 31. Qd4 Qxd4 32. Rxd4 Rxf2 33. Kxf2 Be6 34. Nc7 Rb8 35. Rd6 Rc8 36. Nxe6 Rc2+ 37. Kg3 fxe6 38. Rxe6 Rxa2 39. Re5 b4 40. Rb5 Ra3 41. h4 Rxb3 42. Rxa5 Rb1 43. Kf4 b3 44. Rb5 b2 45. g5 hxg5+ 46. hxg5 g6 47.
Rb7 Kf8 48. Rb6 Kf7 49. Rb7+ Kf8 50. Rb6 Kf7 51. Rb8 Ke7 52. Rb6 Kf7 1/2-1/2

[Event "Early-Titled-Tuesday-Blitz-January-16-2024"]
[Site "Chess.com"]
[Date "2024.01.16"]
[Round "4"]
[White "Konavets"]
[Black "Joshukid"]
[Result "1-0"]
[WhiteElo "3152"]
[BlackElo "2607"]
[TimeControl "180+1"]
[EndTime "8:42:09 PST"]
[Termination "Konavets won by resignation"]

1. e4 d5 2. exd5 Qxd5 3. d4 Nf6 4. c4 Qd8 5. Nc3 c6 6. Nf3 Bg4 7. Be2 e6 8. O-O Be7 9. h3 Bh5 10. Bf4 O-O 11. Re1 Nbd7 12. Qd2 Re8 13. Rad1 a5 14. Qc2 Bg6 15. Bd3 Bxd3 16. Rxd3 Nf8 17. Ne5 Ng6 18. Bh2 Nd7 19. Ne4 f6 20. Nf3 Qb6 21. b3 Rad8 22.
Nc3 Bb4 23. Na4 Qa6 24. Red1 b5 25. Nb2 Nb6 26. h4 Ne7 27. h5 Nf5 28. d5 cxd5 29.
cxd5 Nxd5 30. Rxd5 Rxd5 31. Rxd5 exd5 32. Qxf5 Qe6 33.
Qb1 Qe4 34. Nd3 Bc3 35. Bf4 d4 36. a3 b4 37. a4 Qf5 38. h6 g5 39. Bg3 Re2 40.
Qd1 Ra2 41. Kh2 Qg4 42. Nc1 Qh5+ 43. Bh4 Rxf2 44. Nd3 Rxf3 45. Qxf3 Qxh4+ 46. Kg1 Qxh6 47. Qd5+ Kg7 48. Qd7+ Kg8 49. Qd5+ Kg7 50. Qxa5 Qh5 51.
Qf5 Qd1+ 52. Qf1 Qxb3 53. a5 Qd5 54. a6 b3 55. a7 b2 56. Nxb2 Bxb2 57. Qf3 Qa5 58.
a8=Q Qxa8 59. Qxa8 1-0

[Event "Early-Titled-Tuesday-Blitz-January-16-2024"]
[Site "Chess.com"]
[Date "2024.01.16"]
[Round "4"]
[White "whitemirrorninja"]
[Black "vasblesk"]
[Result "0-1"]
[WhiteElo "2496"]
[BlackElo "2779"]
[TimeControl "180+1"]
[EndTime "8:42:09 PST"]
[Termination "vasblesk won by checkmate"]

1. d4 d5 2. Nc3 Nf6 3. Bf4 c5 4. e3 Bg4 5. f3 Bd7 6. dxc5 e6 7.
b4 a5 8. a3 Na6 9. Bxa6 bxa6 10. Nge2 axb4 11. axb4 a5 12. Nd4 Nh5 13. Be5 f6 14.
Bd6 Bxd6 15. cxd6 axb4 16. Rxa8 Qxa8 17. Ncb5 Kf7 18. g4 Qa5 19. Nc7 Qb6 20. gxh5 Qxd6 21.
Ndb5 Qc5 22. Qd4 Qxd4 23. Nxd4 Rc8 24. Na6 e5 25. Ne2 Ra8 26. Kd2 Rxa6 27. Rb1 Ra4 28. Rb2 Bb5 29. Nc1 Bc4 30. Nd3 Bxd3 31. cxd3 Ke6 32.
e4 d4 33. Kc2 Kd6 34. h4 Kc5 35. Kd2 Ra3 36. Rc2+ Rc3 37. Rb2 b3 38. Kd1 Rxd3+ 39.
Ke2 Re3+ 40. Kf2 Kb4 41. Kg3 Kc3 42. Rg2 b2 43. Rg1 Kc2 44. h6 gxh6 45. Kg4 b1=Q 46. Rxb1 Kxb1 47. Kh5 Rxf3 48. Kxh6 Rf4 49. h5 Rh4 50.
Kg7 Rxh5 51. Kxf6 Kc2 52. Kg7 Kd3 53. Kf6 Kxe4 54. Ke6 Kf4 55. Kf6 e4 56. Kg7 Rg5+ 57. Kh8 e3 58. Kxh7 e2 59. Kh6 e1=Q 60. Kh7 Qh4# 0-1

[Event "Early-Titled-Tuesday-Blitz-January-16-2024"]
[Site "Chess.com"]
[Date "2024.01.16"]
[Round "4"]
[White "Chessdude1987"]
[Black "emeli_chess"]
[Result "0-1"]
[WhiteElo "2294"]
[BlackElo "2452"]
[TimeControl "180+1"]
[EndTime "8:42:09 PST"]
[Termination "emeli_chess won on time"]

1. e4 c5 2. Nf3 d6 3. Bc4 e6 4.
O-O Nf6 5. Re1 Nc6 6. c3 Be7 7. Bb3 O-O 8. d4 Qc7 9. h3 b5 10. a4 b4 11. Nbd2 cxd4 12. cxd4 Re8 13. e5 Nd5 14.
exd6 Bxd6 15. Bxd5 Bb7 16. Be4 Na5 17. Bxb7 Qxb7 18. Nb3 Nc4 19. a5 Rac8 20. Be3 Qd5 21. Re2 h6 22. Nc5 Bb8 23. b3 Nd6 24. Rc2 Nb5 25.
Qf1 Nc3 26. Qc4 Qh5 27. Qxb4 Nd5 28. Qd2 f5 29. Ne5 Re7 30. f4 Rf8 31. Nc6 Ree8 32.
Nxb8 Rxb8 33. Nd7 Rxb3 34. Bf2 Rd8 35. Ne5 Rdb8 36. Rac1 Qe8 37. Rc6 Kh7 38. Rd6 Rb2 39. Rc2 Rxc2 40. Qxc2 Nf6 41. Kh2 Ne4 42. Rc6 Nxf2 43.
Qxf2 Rb3 44. d5 exd5 45. Qd4 Qb8 46. Rc3 Rb4 47. Qxd5 Rxf4 48. Rg3 Re4 49. Ng6 Re3 50. Nh4 Qxg3+ 0-1

[Event "Early-Titled-Tuesday-Blitz-January-16-2024"]
[Site "Chess.com"]
[Date "2024.01.16"]
[Round "4"]
[White "NewBornNow"]
[Black "AsterPhoenix"]
[Result "1-0"]
[WhiteElo "2783"]
[BlackElo "2569"]
[TimeControl "180+1"]
[EndTime "8:42:10 PST"]
[Termination "NewBornNow won by resignation"]

1. e4 c5 2. Nf3 e6 3. d4 cxd4 4.
Nxd4 Nf6 5. Nc3 Nc6 6. a3 Be7 7.
Be2 d6 8. Be3 O-O 9. f4 e5 10.
Nf5 Nxe4 11. Nh6+ gxh6 12. Nxe4 d5 13. Ng3 d4 14. Bd2 exf4 15. Bxf4 Bg5 16. O-O Qe7 17.
Bd3 Kh8 18. Kh1 Ne5 19. Bf5 Ng6 20. Bxg5 hxg5 21. Bxg6 hxg6 22. Qxd4+ Kg8 23. Rae1 Qd8 24. Qe5 f5 25. Rd1 Qe8 26. Qc7 Qf7 27. Qc3 Bd7 28.
Rd6 Bc6 29. Qd2 f4 30. Qd3 Kh7 31. Nh5 Qf5 32. Qxf5 Rxf5 33. Nf6+ Kg7 34. Ng4 Re8 35. Rd2 Rf7 36. Kg1 Rfe7 37. Kf2 Bb5 38. Rc1 Re2+ 39. Rxe2 Rxe2+ 40. Kg1 Bc6 41. Nf2 g4 42. Kf1 Rd2 43. Ke1 Rd6 44. Nxg4 Bxg2 45. c4 f3 46. b4 Re6+ 47. Kf2 Re2+ 48. Kg3 Ra2 49. Rc3 Bh1 50. Nf2 Bg2 51. c5 Kf6 52. b5 Ke7 53. c6 bxc6 54. bxc6 Kd8 55. c7+ Kc8 56. Ne4 Bh3 57. Kxh3 1-0

[Event "Early-Titled-Tuesday-Blitz-January-16-2024"]
[Site "Chess.com"]
[Date "2024.01.16"]
[Round "4"]
[White "maciek_92"]
[Black "goodwilll"]
[Result "1-0"]
[WhiteElo "2838"]
[BlackElo "2420"]
[TimeControl "180+1"]
[EndTime "8:42:11 PST"]
[Termination "maciek_92 won on time"]

1. c4 e5 2. Nc3 Nf6 3. g3 d5 4. cxd5 Nxd5 5. Bg2 Nb6 6. e3 Nc6 7. Nge2 Be7 8. O-O O-O 9. f4 Re8 10. fxe5 Nxe5 11. Nf4 Nd3 12. Nxd3 Qxd3 13. Be4 Qd8 14. a4 a5 15. b4 g6 16. b5 Bf6 17. Qf3 Bg7 18. d4 f5 19. Bxb7 Bxb7 20. Qxb7 Nc4 21.
Qd5+ Qxd5 22. Nxd5 Rac8 23. Kf2 Kf7 24. Ra2 Nb6 25.
Nf4 c6 26. Ba3 cxb5 27. axb5 Rc3 28. Bc5 Nc4 29. Nd5 Rb3 30. b6 Rd8 31. Rc1 Nd6 32.
Nf4 Ne4+ 33. Kf3 g5 34. Ne2 g4+ 35. Kg2 Bf6 36. Nf4 Rxe3 37. Rxa5 Rd7 38. Ra7 Ke8 39.
b7 Rd8 40. Ra8 Re2+ 41. Kf1 Rf2+ 42. Ke1 Rxh2 43. Rxd8+ Bxd8 44. b8=Q Kd7 45. Qb7+ Bc7 46. Qd5+ Kc8 47. Qe6+ Kb8 48. Rb1+ Ka8 49. Qc8+ 1-0

[Event "Early-Titled-Tuesday-Blitz-January-16-2024"]
[Site "Chess.com"]
[Date "2024.01.16"]
[Round "4"]
[White "vladislavkovalev"]
[Black "mishanick"]
[Result "0-1"]
[WhiteElo "2882"]
[BlackElo "3089"]
[TimeControl "180+1"]
[EndTime "8:42:12 PST"]
[Termination "mishanick won on time"]

1. e4 c5 2. Nf3 d6 3. Bb5+ Nd7 4. O-O a6 5. Bd3 Ngf6 6. c3 e6 7. Bc2 c4 8. b3 cxb3 9. axb3 b5 10. d4 Bb7 11.
Re1 Be7 12. Nbd2 Rc8 13. Bb2 O-O 14. Qe2 Re8 15. Bd3 Nf8 16. b4 Ng6 17. g3 Qd7 18. Nb3 Bd8 19. Rac1 Bb6 20. Rc2 Qc6 21. Kg2 Rc7 22. Bc1 Rec8 23. Bg5 Qe8 24. Rec1 Nd7 25. Be3 Qe7 26. Kg1 h6 27. Nfd2 Nf6 28. Qf3 Nd7 29. Bf1 Nf6 30. Bg2 Nf8 31. Qe2 N8h7 32. h4 Nf8 33. c4 bxc4 34. Rxc4 N8d7 35. Na5 Bxa5 36.
bxa5 Rxc4 37. Rxc4 Qd8 38. Rxc8 Qxc8 39. Nc4 Qc7 40.
e5 dxe5 41. dxe5 Bxg2 42. Kxg2 Nd5 43. Bd4 Qc6 44. Kh2 Nf8 45. Qd3 Ng6 46. h5 Nge7 47. Nd6 Nc8 48. Nxc8 Qxc8 49. Qa3 Qd8 50. Qd6 Qc8 51. Kg2 Kh7 52. Kh2 Qc4 53. Bc5 Qe2 54.
Kg2 Qe4+ 55. Kh2 Qd3 56. Kg2 Qe2 0-1

[Event "Early-Titled-Tuesday-Blitz-January-16-2024"]
[Site "Chess.com"]
[Date "2024.01.16"]
[Round "4"]
[White "AryanTari"]
[Black "Hikaru"]
[Result "0-1"]
[WhiteElo "2919"]
[BlackElo "3226"]
[TimeControl "180+1"]
[EndTime "8:42:13 PST"]
[Termination "Hikaru won on time"]

1. e4 a6 2. a3 c5 3. b4 cxb4 4. axb4 b5 5. Bxb5 Qb6 6. Nc3 e6 7. Nge2 Bxb4 8. O-O Bb7 9. Bc4 Nf6 10. d3 Qc7 11.
Bg5 Nc6 12. Ba2 Bd6 13. h3 h6 14. Be3 Nb4 15. f4 Nxa2 16. Rxa2 Be7 17. Na4 O-O 18. c4 Bc6 19. e5 Nh7 20. d4 d6 21. Nac3 dxe5 22.
fxe5 Rad8 23. d5 Bb7 24. d6 Qxc4 25. Qb1 Qc6 26. Nd4 Qxc3 27. dxe7 Qxe3+ 28. Kh2 Qxe5+ 29.
Kh1 Bxg2+ 30. Rxg2 Qxd4 31. Qb7 Ng5 32. exd8=Q Qxd8 33. h4 Nh7 34. Qe4 Qd5 35. Qxd5 exd5 36. Ra2 Nf6 37. Rxa6 Rc8 38. Rf4 h5 39. Rd4 Rc2 40.
Rxf6 gxf6 41. Rxd5 Kg7 42. Rxh5 Kg6 43. Rb5 f5 44. Kg1 Rc4 45. h5+ Kg5 46. h6 Rh4 47. Kg2 Rxh6 48. Kg3 Rc6 49. Rb4 Rc3+ 50. Kf2 Rd3 51. Ra4 f6 52. Rb4 Rh3 53. Ra4 Rh4 54. Ra8 Rb4 55. Ra3 Rh4 56. Ra8 Kg4 57. Ra4+ f4 58. Ra3 Rh2+ 59. Kf1 Rh3 60. Ra8 Rb3 61. Kf2 Rb2+ 62. Kf1 Kg3 0-1

[Event "Early-Titled-Tuesday-Blitz-January-16-2024"]
[Site "Chess.com"]
[Date "2024.01.16"]
[Round "4"]
[White "DreamsAreFake"]
[Black "Leebit02"]
[Result "1-0"]
[WhiteElo "2745"]
[BlackElo "2556"]
[TimeControl "180+1"]
[EndTime "8:42:13 PST"]
[Termination "DreamsAreFake won on time"]

1. Nf3 d5 2. g3 b6 3. Bg2 Bb7 4. O-O e6 5. b3 Nd7 6. Bb2 Ngf6 7. e3 Be7 8. d3 O-O 9. c4 c5 10. Nbd2 Rc8 11. Qe2 Qc7 12. e4 d4 13. Ne1 e5 14.
f4 h6 15. Nc2 a6 16. f5 Nh7 17. h4 Bc6 18. Nf3 b5 19. Na3 Rb8 20. g4 Qd8 21.
Qf2 Re8 22. Qg3 a5 23. Bc1 a4 24. g5 hxg5 25. hxg5 b4 26. Nc2 Rb6 27. Kf2 Bb7 28.
Rh1 Ndf8 29. Bd2 Ra6 30. Rac1 Qd7 31. Rh3 Bd8 32. Rch1 axb3 33. axb3 Qc7 34. Qh2 Ra2 35. Nfe1 Qd6 36. Rxh7 Nxh7 37. Qxh7+ Kf8 38. Qh8+ Ke7 39.
Qxg7 Rf8 40. g6 Kd7 41. Rh7 Bf6 42. Qh6 Qe7 43. Bf3 Raa8 44. Bh5 Rh8 45. Nf3 Rxh7 46. gxh7 Rh8 47. Bg5 Bxg5 48. Nxg5 f6 49. Nf7 1-0